 Dungeon Crawl Stone Soup version 0.27.1-15-g792fb953b9 (webtiles) character file.

Game seed: 6458618408170758600

438 ces the Covert (level 6, -6/32 HPs)
             Began as a Spriggan Delver on Nov 19, 2021.
             Killed from afar by Ijyb (11 damage)
             ... with an iceblast
             ... on level 5 of the Dungeon.
             The game lasted 00:11:52 (5640 turns).

ces the Covert (Spriggan Delver)                    Turns: 5640, Time: 00:11:53

Health: -6/32      AC:  5    Str:  8    XL:     6   Next: 69%
Magic:  7/7        EV: 34    Int: 18    God:
Gold:   163        SH:  0    Dex: 18    Spells: 5/5 levels left

rFire    . . .     SeeInvis +   q - +2 dagger (venom)
rCold    . . .     Faith    .   (shield restricted)
rNeg     . . .     Spirit   .   b - +0 robe
rPois    .         Reflect  .   (helmet restricted)
rElec    .         Harm     .   i - +2 cloak
rCorr    .         Rampage  .   (gloves unavailable)
Will     +....                  (boots unavailable)
Stlth    +++++.....             m - amulet of the acrobat
HPRegen  0.10/turn              t - +6 ring of intelligence
MPRegen  0.10/turn              (no ring)

@: acrobatic, very quick
A: very small, no large weapons, unfitting armour, see invisible, speed 3
a: no special abilities


You were on level 5 of the Dungeon.
You visited 1 branch of the dungeon, and saw 5 of its levels.

You collected 163 gold pieces.

Inventory:

Hand Weapons
 q - a +2 dagger of venom (weapon)
Armour
 b - a +0 robe (worn)
 i - a +2 cloak (worn)
Jewellery
 m - an amulet of the acrobat (around neck)
 t - a +6 ring of intelligence (left hand)
Wands
 g - a wand of digging (3)
Scrolls
 c - a scroll of fog
 d - 2 scrolls of magic mapping
 e - a scroll of fear
 h - a scroll of teleportation {unknown}
 n - a scroll of torment {unknown}
 o - 2 scrolls of identify {unknown}
 r - 2 scrolls of amnesia {unknown}
Potions
 a - a potion of invisibility {unknown}
 f - 3 potions of haste
 j - 2 potions of degeneration {unknown}
 k - 3 potions of attraction {unknown}
 l - a potion of might {unknown}
 p - 3 potions of flight {unknown}
 s - a potion of curing {unknown}
 u - a potion of mutation {unknown}


   Skills:
 + Level 3.0 Fighting
 + Level 4.3 Short Blades
 + Level 4.3 Dodging
 + Level 10.5 Stealth


You had 5 spell levels left.
You didn't know any spells.
Your spell library was empty.

Dungeon Overview and Level Annotations

Branches:
Dungeon (5/15)
 Temple: D:4-7

Altars:
Cheibriados
Ru
Trog

Annotations:
D:5 Ijyb


Innate Abilities, Weirdness & Mutations

You are very small and have problems with some larger weapons.
You are too small for most types of armour.
You have supernaturally acute eyesight. (SInv)
You cover ground extremely quickly. (Speed+++)


Message History

The gnoll misses you.
You hit the gnoll.
The gnoll is poisoned.
The gnoll is moderately wounded.
The gnoll closely misses you.
You hit the gnoll.
The gnoll looks as sick as possible!
The gnoll is heavily wounded.
You hit the gnoll.
The gnoll looks as sick as possible!
The gnoll is severely wounded.
The gnoll hits you but does no damage. The phantom hits you.
You hit the gnoll.
You kill the gnoll!
You miss the phantom. The phantom completely misses you.
You closely miss the phantom. The phantom hits you!
You completely miss the phantom.
An ufetubus comes into view.
The phantom completely misses you.
The ufetubus shouts!
You hit the phantom but do no damage. The phantom closely misses you.
You hit the phantom.
The phantom is lightly damaged.
You closely miss the phantom.
The phantom is lightly damaged.
The phantom hits you but does no damage.
You hit the phantom.
The phantom is lightly damaged.
The phantom hits you.
The phantom blinks!
You blink.
You hit the phantom but do no damage.
The phantom is lightly damaged.
The phantom hits you!
You are too injured to fight recklessly!
You are too injured to fight recklessly!
You are too injured to fight recklessly!
You are too injured to fight recklessly!
The ufetubus completely misses you. The ufetubus misses you.
The gnoll completely misses you.
Ijyb shouts!
Ijyb zaps a wand.
The mass of ice explodes!
The iceblast engulfs you.
* * * LOW HITPOINT WARNING * * *
Ijyb zaps a wand.
The mass of ice explodes!
The iceblast engulfs you!
You die...

.....>#
#...#...............###.
......####..##.)..............
#
...##.##.........g##...........
..##...##...).....##...........
..#..≈).#..#..#..W.#...........
....≈≈≈....#..#.....#.##....#
..#..≈..#(......5...#.. ..
..##...##.....#....#....
#..##.##......#.@..#..##
##....##.....##..### ##
###............## #........#..#
##.......#.g# #..........
##......... #....... ##..##


You could see a phantom, Ijyb, a gnoll and an ufetubus.

Vanquished Creatures
  Blork the orc (D:5)
  A howler monkey (D:4)
  2 bullfrog skeletons
  3 iguanas
  A hound skeleton (D:4)
  5 adders
  2 gnolls (D:5)
  A river rat (D:5)
  An ufetubus (D:3)
  6 worms
  5 dart slugs
  2 orcs
  5 endoplasms
  3 giant cockroaches (D:1)
  10 goblins
  9 hobgoblins
  3 jackals (D:2)
  A quokka (D:3)
  5 ball pythons
  2 bats (D:3)
  7 frilled lizards
  10 kobolds
  7 rats
92 creatures vanquished.

Vanquished Creatures (others)
  7 plants (D:4)
7 creatures vanquished.

Grand Total: 99 creatures vanquished

Notes
Turn   | Place    | Note
-------+----------+-------------------------------------------
     0 | D:5      | ces the Spriggan Delver began the quest for the Orb.
     0 | D:5      | Reached XP level 1. HP: 11/11 MP: 2/2
    20 | D:5      | Noticed a howler monkey
    21 | D:5      | Noticed a phantom
    39 | D:4      | Found a bloodstained altar of Trog.
    49 | D:4      | Reached XP level 2. HP: 16/16 MP: 3/3
    56 | D:4      | Noticed an ogre
   107 | D:4      | Reached skill level 8 in Stealth
   151 | D:4      | Reached XP level 3. HP: 19/19 MP: 4/4
  1021 | D:2      | Reached skill level 9 in Stealth
  1258 | D:2      | Found a faded altar of an unknown god.
  1502 | D:3      | Reached XP level 4. HP: 23/23 MP: 5/5
  2589 | D:3      | Found a sacrificial altar of Ru.
  2590 | D:3      | Found a snail-covered altar of Cheibriados.
  4109 | D:4      | Reached XP level 5. HP: 27/27 MP: 6/6
  4382 | D:4      | Noticed a phantom
  4524 | D:4      | Reached skill level 10 in Stealth
  4860 | D:5      | Reached XP level 6. HP: 17/32 MP: 7/7
  5593 | D:5      | Noticed Blork the orc
  5600 | D:5      | Killed Blork the orc
  5613 | D:5      | Noticed Ijyb
  5640 | D:5      | Killed from afar by Ijyb

Illustrated notes

Levels and vault maps discovered:
D:1:      ebering_trefoil_3fold, layout_rooms, minivault_24,
          chequers_serial_rivers_small_3
D:2:      layout_loops_ring, shapermc_ecumenical_altar_mp_highgroup,
          grunt_ministairs_1
D:3:      layout_basic, gammafunk_temple_overflow_statue
D:4:      layout_loops_corners, trog_hazing_becter, hangedman_decor_growths,
          minmay_statues_item, minmay_lizard_king
D:5:      layout_cave_pools, lightli_sewer_entry_pipes, grunt_ministairs_14,
          amcnicky_mini_pool_small, uniq_ijyb, uniq_blork_the_orc,
          uniq_crazy_yiuf_cottage

Skill      XL: |  1  2  3  4  5  6 |
---------------+-------------------+-----
Stealth        | 8 9 10 | 10.5
Dodging        | 3 4 |  4.3
Short Blades   | 3 4 |  4.3
Fighting       | 3 |  3.0

Action                   |  1- 3 |  4- 6 || total
-------------------------+-------+-------++-------
Melee: Short sword       |    67 |   127 ||   194
       Dagger            |       |   162 ||   162
  Use: Potion            |     1 |     1 ||     2
 Stab: Sleeping          |    16 |    19 ||    35
       Distracted        |       |     1 ||     1
Armor: Robe              |    10 |    37 ||    47
Dodge: Dodged            |    67 |   229 ||   296
